Map: Dusk Towers

Players

Miszu

  • Race: Terran Terran
  • League: Master

Enough - Winner!

  • Race: Zerg Zerg
  • League: Master

VOD

Have the link to the VOD?

Description

Time

  • Played on: April 1, 2016, 5:46 p.m.
  • Length: 4:40
Show
View Real Time Build Order
Export as new Build Order

Miszu Terran 

Build Orders:  

Get SALT Encoding   

  12  0:00  SCV  
  13  0:13  SCV  
  14  0:19  Supply Depot  
  14  0:25  SCV  
  15  0:40  Barracks  
  15  0:52  Barracks  
  15  1:05  Barracks  
  15  1:28  Marine  
  15  1:30  Barracks  
  16  1:39  Marine  
  17  1:41  Supply Depot  
  17  1:46  Marine  
  18  1:55  Marine  
  18  1:56  Marine  
  20  2:04  Marine  
  21  2:13  Marine  
  21  2:14  Marine  
  23  2:17  Marine  
  23  2:22  Marine  
  22  2:31  Marine  
  22  2:32  Marine  
  22  2:35  Marine  
  23  2:40  Marine  
  22  2:49  Marine  
  22  2:50  Marine  
  24  2:53  Marine  
  24  2:58  Marine  
  25  3:07  Marine  
  25  3:08  Marine  
  25  3:10  Supply Depot, Marine  
  27  3:15  Marine  
  28  3:24  Marine  
  29  3:29  Marine  
  29  3:31  Marine  
  31  4:02  Marine  
  14  4:10  Marine  
  14  4:12  Marine  
Show
View Real Time Build Order
Export as new Build Order

Enough Zerg - Winner!

Build Orders: Hatch First 

Get SALT Encoding   

  12  0:04  Drone  
  13  0:13  Overlord  
  13  0:19  Drone  
  14  0:32  Drone x2  
  16  0:37  Drone  
  17  0:54  Hatchery  
  17  0:55  Drone  
  17  0:59  Drone  
  18  1:09  Extractor  
  17  1:13  Spawning Pool  
  17  1:15  Drone  
  17  1:19  Drone  
  18  1:30  Drone  
  19  1:41  Drone  
  20  1:51  Overlord  
  20  2:00  Queen  
  22  2:06  Queen  
  22  2:07  Drone x2  
  26  2:10  Metabolic Boost  
  26  2:14  Drone  
  27  2:17  Drone  
  28  2:23  Zergling x2  
  28  2:27  Zergling x2  
  29  2:30  Spine Crawler  
  29  2:37  Zergling x2  
  28  2:39  Zergling x2  
  28  2:50  Zergling x4  
  30  2:56  Zergling x2  
  31  3:04  Overlord  
  30  3:10  Zergling x2  
  31  3:17  Zergling x8  
  35  3:22  Overlord  
  35  3:28  Zergling x6  
  35  3:31  Zergling x4  
  40  3:39  Zergling x2  
  41  3:46  Zergling x2  
  42  3:52  Zergling x4  
  42  3:53  Baneling Nest  
  39  4:03  Zergling x4  
  27  4:15  Zergling x10  
Tags
 
Add a new tag
Caveats
  • Supply blocks, unpowered buildings, or Contaminate may cause inaccurate times.
  • Supply counts are checked every 10 seconds.